 Dungeon Crawl Stone Soup version 0.16-a0-2581-g6f3a107 (webtiles) character file.

43692 Ratboiler the Fencer (level 13, -8/92 HPs)
             Began as a Vampire Abyssal Knight on Nov 21, 2014.
             Was a High Priest of Lugonu.
             Mangled by a white ugly thing (33 damage)
             ... on level 11 of the Dungeon.
             The game lasted 01:02:24 (25336 turns).

Ratboiler the Fencer (Vampire Abyssal Knight)      Turns: 25336, Time: 01:02:25

Health: -8/92      AC: 16    Str: 11    XL:     13   Next: 92%
Magic:  28/32      EV: 16    Int: 14    God:    Lugonu [*****.]
Gold:   692        SH:  0    Dex: 17    Spells: 2 memorised, 10 levels left

rFire  + . .     SeeInvis +     a - +9 great sword (freeze)
rCold  . . .     Clarity  .     W - +2 ring mail {rF+}
rNeg   + . .     SustAb   +     (no shield)
rPois  .         Gourm    .     (helmet restricted)
rElec  +         Spirit   .     V - +2 cloak of Proximity {+Fly rElec rN+}
rCorr  .         Warding  .     J - +1 pair of gloves
rMut   .         Stasis   .     X - +0 pair of boots
MR     +....                    z - amulet of faith
Stlth  +.........               s - ring of sustain abilities
                                r - ring of magical power

@: regenerating very quickly, somewhat resistant to hostile enchantments, very
unstealthy
A: bottle blood, fangs 3, horns 1, see invisible, unbreathing
a: Depart the Abyss, Bend Space, Banish, Corrupt, Enter the Abyss, Renounce
Religion, Evoke Flight


You were on level 11 of the Dungeon.
You worshipped Lugonu.
Lugonu was extremely pleased with you.
You were almost alive.

You visited 2 branches of the dungeon, and saw 19 of its levels.
You visited the Abyss 1 time.
You also visited: Labyrinth and Ossuary.

You collected 1311 gold pieces.
You spent 619 gold pieces at shops.

Inventory:

Hand weapons
 a - a +9 great sword of freezing (weapon)
 b - a +0 blowgun
 Y - a +0 scimitar of flaming
Missiles
 y - 60 poisoned needles
 C - 7 tomahawks (quivered)
 T - 7 javelins
 Z - 2 throwing nets
Armour
 J - a +1 pair of gloves (worn)
 V - the +2 cloak of Proximity (worn) {+Fly rElec rN+}
   (You bought it in a shop on level 6 of the Dungeon)

   It insulates you from electricity.
   It protects you from negative energy.
   It lets you fly.
 W - a +2 ring mail of fire resistance (worn)
 X - a +0 pair of boots (worn)
Jewellery
 r - a ring of magical power (left hand)
 s - a ring of sustain abilities (right hand)
 z - an amulet of faith (around neck)
 M - an uncursed amulet of rage {unknown}
Magical devices
 D - a wand of enslavement (3)
 N - a wand of draining (4)
 O - a wand of fire (5)
 Q - a wand of digging (13)
 S - a wand of digging (2)
Scrolls
 g - 5 scrolls of teleportation
 h - a scroll of vulnerability {unknown}
 l - 6 scrolls of remove curse
 t - 2 scrolls of recharging
 u - a scroll of blinking
 E - a scroll of magic mapping
 F - 5 scrolls of fog
 I - 4 scrolls of fear
Potions
 e - 2 potions of agility
 i - 2 potions of might
 j - 2 potions of haste
 n - 3 potions of resistance
 o - 2 potions of lignification
 q - 23 potions of blood
 v - a potion of brilliance
 x - 11 potions of curing
 B - 3 potions of heal wounds
 G - 3 potions of restore abilities
 K - 2 potions of poison {unknown}
 L - 2 potions of cancellation


   Skills:
 + Level 5.4 Fighting
 - Level 16.0 Long Blades
 * Level 10.2 Armour
 + Level 11.6 Dodging
 - Level 6.1 Invocations


You had 10 spell levels left.
You knew the following spells:

 Your Spells              Type           Power        Failure   Level  Hunger
a - Animate Skeleton      Necr           N/A          38%         1    ##.....
b - Apportation           Tloc           #.........   38%         1    ##.....


Dungeon Overview and Level Annotations

Branches:
Dungeon (11/15)            Temple (0/1) D:4            Lair (8/8) D:8
 Shoals (0/5) Lair:3        Snake (0/5) Lair:4        Slime (0/6) Lair:6
    Lab (0/1)             Ossuary (0/1)
    Orc: D:9-12

Altars:
Ashenzari
Elyvilon
Fedhas
Gozag
Makhleb
Nemelex Xobeh
Trog
Vehumet
Yredelemnul

Shops:
D:6 (((?*

Annotations:
Lair:5 Rupert
Abyss:1 Crazy Yiuf, Erolcha, Josephine, Psyche


Innate Abilities, Weirdness & Mutations

Your natural rate of healing is extremely fast.
You can bottle blood from corpses.
You have razor-sharp teeth.
You have supernaturally acute eyesight.
You can survive without breathing.
You have a pair of small horns on your head.


Message History

There is a stone staircase leading down here.
You climb downwards.
The white ugly thing gurgles horribly!
There is a stone staircase leading up here.
You hit the white ugly thing. You freeze the white ugly thing.
The white ugly thing is lightly wounded.
The white ugly thing kicks you. The white ugly thing freezes you!!
You slash the white ugly thing!
The white ugly thing is lightly wounded.
The white ugly thing kicks you. The white ugly thing freezes you!!
You are too injured to fight recklessly!
You are too injured to fight recklessly!
Use which ability? (? or * to list)
Press: ? - help, Shift-Dir - straight line, f - white ugly thing
Aim: a white ugly thing (lightly wounded)
The white ugly thing resists with significant effort.
You feel somewhat less full. The white ugly thing kicks you!
* * * LOW HITPOINT WARNING * * *
The white ugly thing freezes you!!
You die...

▒▒▒ ··· ▒▒▒·▒▒ ▒▒▒
▒····▒ ···▒·▒··▒▒▒
········
····▒▒·▒·(▒▒▒·▒▒▒▒
▒·····u@<········
·······?·▒·▒▒▒▒▒▒▒
▒···▒▒▒·▒·▒ ▒··
▒·▒·▒ · ▒·▒·▒$
▒·▒·▒▒$ ··▒·▒ (⌠
··▒·▒ ▒·▒·


You could see a white ugly thing.

Vanquished Creatures
  4 hydras
  7 death yaks
  A catoblepas (Lair:8)
  An unseen horror (D:9)
  A griffon (Lair:6)
  4 elephants
  7 spiny frogs
  3 black mambas
  An efreet (D:10)
  A komodo dragon (Lair:7)
  A queen bee (Lair:3)
  2 polar bears (Lair:8)
  A jumping spider (Lair:6)
  A merfolk (D:9)
  9 blink frogs
  3 basilisks
  A two-headed ogre (D:9)
  2 fire bats (Lair:3)
  33 yaks
  5 redbacks (Lair:6)
  A shadow (Lab)
  3 wyverns (D:10)
  7 hippogriffs
  2 hungry ghosts
  A vampire mosquito (D:10)
  A deep elf fighter (D:8)
  12 wolves
  Menkaure (D:5)
  11 porcupines
  2 nagas (Lair:4)
  An orc warrior (D:9)
  A black bear (D:10)
  5 centaurs
  4 ice beasts
  2 sky beasts
  16 water moccasins
  4 phantoms
  8 ogres
  14 crocodiles
  Duvessa (D:8)
  11 giant frogs
  2 big kobolds
  Blork the orc (D:5)
  An elf skeleton (D:8)
  18 killer bees
  4 scorpions
  6 wights
  3 electric eels
  6 centaur zombies
  Dowan (D:8)
  2 crimson imps
  A giant frog zombie (D:7)
  A goliath beetle (D:7)
  14 hounds
  14 jellies
  3 orc priests
  10 orc wizards
  7 iguanas
  2 centaur skeletons
  2 giant frog skeletons
  A human skeleton (D:8)
  8 worker ants
  7 sheep (Lair:8)
  4 big kobold zombies (Ossuary)
  Ijyb (D:2)
  A giant frog simulacrum (D:10)
  A centaur simulacrum (D:10)
  A hound zombie (D:10)
  4 mummies (Ossuary)
  66 river rats
  5 shadow imps
  25 adders
  2 giant mites
  A goliath beetle zombie (D:7)
  A worker ant simulacrum (D:10)
  A worm (D:2)
  2 adder zombies
  2 oozes
  48 orcs
  2 bat skeletons
  A bat zombie (D:3)
  11 goblins
  16 hobgoblins
  4 jackals (D:10)
  25 kobolds
  16 quokkas
  A ball python (D:3)
  26 bats
  6 giant cockroaches
  3 giant geckos
  7 giant newts
  3 hobgoblin zombies (Ossuary)
  3 orc skeletons (D:8)
  An orc zombie (D:8)
  A quokka zombie (D:10)
  23 rats
624 creatures vanquished.

Vanquished Creatures (collateral kills)
  5 yaks (Lair:2)
5 creatures vanquished.

Vanquished Creatures (others)
  A minotaur (Lab)
  A hydra (Lair:1)
  A hill giant (D:10)
  4 elephants (Lair:4)
  A spiny frog (Lair:2)
  3 komodo dragons
  10 blink frogs
  A boulder beetle (Lair:6)
  A naga (Lair:4)
  3 orc warriors
  3 ogres
  A phantom (D:4)
  An ice beast (D:5)
  A crocodile (Lair:6)
  2 centaurs
  A giant frog (Lair:3)
  A scorpion (D:4)
  A worker ant (D:5)
  An orc (D:8)
  A bush (D:7)
  5 fungi
  2 plants
46 creatures vanquished.

Grand Total: 675 creatures vanquished

Notes
Turn   | Place    | Note
--------------------------------------------------------------
     0 | Abyss:1  | Ratboiler, the Vampire Abyssal Knight, began the quest for the Orb.
     0 | Abyss:1  | Reached XP level 1. HP: 17/17 MP: 1/1
    58 | D:1      | Escaped the Abyss
   563 | D:1      | Reached XP level 2. HP: 23/23 MP: 2/2
  1115 | D:2      | Noticed Ijyb
  1128 | D:2      | Killed Ijyb
  1128 | D:2      | Reached skill level 3 in Long Blades
  1128 | D:2      | Reached XP level 3. HP: 25/28 MP: 4/4
  1204 | D:2      | Acquired Lugonu's second power
  1580 | D:2      | Reached XP level 4. HP: 32/34 MP: 6/6
  1966 | D:2      | Found a bloodstained altar of Trog.
  2037 | D:2      | Found a radiant altar of Vehumet.
  2650 | D:3      | Gained mutation: You have a pair of small horns on your head. [potion of beneficial mutation]
  2708 | D:3      | Reached XP level 5. HP: 39/39 MP: 8/8
  2786 | D:3      | Acquired Lugonu's third power
  2863 | D:3      | Noticed Crazy Yiuf
  2872 | D:3      | Banished Crazy Yiuf
  2872 | D:3      | Reached skill level 4 in Long Blades
  3442 | D:4      | Noticed an ogre
  3584 | D:4      | Noticed a phantom
  3701 | D:4      | Noticed an ogre
  3706 | D:4      | Killed an ogre
  3706 | D:4      | Reached XP level 6. HP: 36/46 MP: 11/11
  3747 | D:4      | Found a staircase to the Ecumenical Temple.
  3794 | D:4      | Killed an ogre
  3794 | D:4      | Reached skill level 5 in Long Blades
  3932 | D:4      | Noticed an orc warrior
  3945 | D:4      | Banished an orc warrior
  3946 | D:4      | Noticed a phantom
  3948 | D:4      | Banished a phantom
  3948 | D:4      | Reached skill level 5 in Invocations
  3948 | D:4      | Reached XP level 7. HP: 36/51 MP: 13/13
  4239 | D:4      | Noticed an ogre
  4255 | D:4      | Killed an ogre
  4255 | D:4      | Reached skill level 6 in Long Blades
  4772 | D:4      | Killed a phantom
  4984 | D:5      | Entered Level 5 of the Dungeon
  5002 | D:5      | Reached XP level 8. HP: 54/57 MP: 17/17
  5140 | D:5      | Reached skill level 7 in Long Blades
  5458 | D:5      | Noticed Menkaure
  5470 | D:5      | Killed Menkaure
  5470 | D:5      | Reached skill level 8 in Long Blades
  5764 | D:5      | Noticed Blork the orc
  5777 | D:5      | Killed Blork the orc
  5949 | D:5      | Reached skill level 9 in Long Blades
  6624 | D:6      | Found Arphu's Antique Weapon Shoppe.
  6637 | D:6      | Found Araf Stu's Antique Weapon Boutique.
  6883 | D:6      | Found Jaohees' Magic Scroll Shoppe.
  6891 | D:6      | Bought a scroll of enchant weapon for 90 gold pieces
  6891 | D:6      | Bought a scroll of magic mapping for 42 gold pieces
  6891 | D:6      | Bought 3 scrolls of identify for 72 gold pieces
  6891 | D:6      | Bought a scroll of identify for 24 gold pieces
  6891 | D:6      | Bought a scroll of fog for 24 gold pieces
  7123 | D:6      | Reached XP level 9. HP: 45/62 MP: 18/18
  7169 | D:6      | Found Straarhu's Assorted Antiques.
  7252 | D:6      | Reached skill level 10 in Long Blades
  7504 | D:6      | Found Skynenip's Weapon Shop.
  7799 | D:7      | Found a blossoming altar of Fedhas.
  8376 | D:7      | Reached skill level 11 in Long Blades
  8444 | D:7      | Acquired Lugonu's fourth power
  8679 | D:8      | Found a sand-covered staircase.
  8684 | Ossuary  | Entered an ossuary
  8906 | Ossuary  | Reached skill level 12 in Long Blades
  9048 | D:8      | Found a burning altar of Makhleb.
  9049 | D:8      | Found an opulent altar of Gozag.
  9051 | D:8      | Found a shattered altar of Ashenzari.
  9052 | D:8      | Found a sparkling altar of Nemelex Xobeh.
  9053 | D:8      | Found a white marble altar of Elyvilon.
  9055 | D:8      | Found a basalt altar of Yredelemnul.
  9109 | D:8      | Noticed Erolcha
  9118 | D:8      | Banished Erolcha
  9419 | D:8      | Noticed Psyche
  9447 | D:8      | Reached XP level 10. HP: 49/68 MP: 20/20
  9452 | D:8      | Banished Psyche
  9623 | D:6      | Bought a blackened cloak for 228 gold pieces
  9634 | D:6      | Identified the +2 cloak of Proximity {+Fly rElec rN+} (You bought it in a shop on level 6 of the Dungeon)
  9716 | D:8      | Noticed Duvessa
  9716 | D:8      | Noticed Dowan
  9732 | D:8      | Killed Duvessa
  9740 | D:8      | Killed Dowan
  9766 | D:8      | Reached skill level 13 in Long Blades
  9953 | D:8      | Found a staircase to the Lair.
 10919 | D:9      | Acquired Lugonu's fifth power
 11016 | D:9      | Reached skill level 14 in Long Blades
 11106 | D:9      | Noticed an unseen horror
 11117 | D:9      | Killed an unseen horror
 11315 | D:10     | Entered Level 10 of the Dungeon
 11423 | D:10     | Noticed a hill giant
 11425 | D:10     | Banished a hill giant
 11429 | D:10     | Noticed Josephine
 11508 | D:10     | Banished Josephine
 11794 | D:10     | Reached skill level 15 in Long Blades
 11794 | D:10     | Reached XP level 11. HP: 56/74 MP: 21/21
 13580 | D:6      | Bought an ivory wand for 96 gold pieces
 13580 | D:6      | Bought 2 sedimented cyan potions for 43 gold pieces
 13766 | Lair:1   | Entered Level 1 of the Lair of Beasts
 14089 | Lair:1   | Reached skill level 16 in Long Blades
 14296 | Lair:1   | Reached skill level 1 in Armour
 14350 | Lair:1   | Noticed a seven-headed hydra
 14359 | Lair:1   | Banished a seven-headed hydra
 15232 | Lair:2   | Noticed a four-headed hydra
 15234 | Lair:2   | Found a labyrinth entrance.
 15236 | Lair:2   | Banished a four-headed hydra
 15236 | Lair:2   | Reached skill level 5 in Dodging
 15252 | Lab      | Entered a labyrinth
 15479 | Lab      | Noticed a minotaur
 15489 | Lab      | Banished a minotaur
 15565 | Lab      | Learned a level 1 spell: Animate Skeleton
 15571 | Lab      | Learned a level 1 spell: Apportation
 15574 | Lab      | Got a warped plate armour
 15585 | Lab      | Identified the +5 plate armour of the Assorted Stars {rC++ Slay-2} (You found it in a labyrinth)
 16328 | Lair:2   | Reached XP level 12. HP: 62/80 MP: 22/22
 16909 | Lair:2   | Reached skill level 5 in Armour
 18663 | Lair:4   | Found a staircase to the Snake Pit.
 19939 | Lair:5   | Noticed Rupert
 20174 | Lair:5   | Noticed a four-headed hydra
 20182 | Lair:5   | Killed a one-headed hydra
 20182 | Lair:5   | Reached skill level 10 in Dodging
 20463 | Lair:6   | Noticed a five-headed hydra
 20473 | Lair:6   | Killed a one-headed hydra
 20567 | Lair:6   | Reached XP level 13. HP: 72/85 MP: 23/23
 21354 | Lair:6   | Found a staircase to the Slime Pits.
 23128 | Lair:7   | You fall through a shaft!
 23128 | Lair:8   | Entered Level 8 of the Lair of Beasts
 23655 | Lair:8   | Reached skill level 5 in Fighting
 24087 | Lair:8   | Reached skill level 10 in Armour
 24888 | Lair:3   | Found a staircase to the Shoals.
 25336 | D:11     | Mangled by a white ugly thing

Action                   |  1- 3 |  4- 6 |  7- 9 | 10-12 | 13-15 || total
-------------------------+-------+-------+-------+-------+-------++-------
Melee: Falchion          |   153 |   194 |   617 |     2 |       ||   966
       Long sword        |       |       |    75 |       |       ||    75
       Great sword       |       |       |       |   775 |   415 ||  1190
       Scimitar          |       |       |       |    13 |    13 ||    26
Invok: Banish            |       |     2 |    17 |    42 |     5 ||    66
Evoke: Wand              |       |       |     3 |     3 |       ||     6
  Use: Potion            |    11 |    12 |    36 |    75 |    26 ||   160
       Scroll            |       |     7 |    12 |    16 |     4 ||    39
  Eat: Corpse            |     1 |     1 |     1 |       |       ||     3
